Lightning vs MapleLeafs

Created - April-22-13 at 17:35

Goals
1 2 3 T
Lightning 0 1 0 1
MapleLeafs 2 1 0 3
Shots
1 2 3 T
Lightning 16 9 6 31
MapleLeafs 7 13 13 33

1st period

1. MapleLeafs , Vernon Fiddler 1 (Victor Hedman, Drew Doughty) at 10:14
2. MapleLeafs , Kris Versteeg 1 (Drew Doughty, Victor Hedman) at 17:25 (PP)

Penalties :
Adam Henrique (TOR) for Tripping (Minor) at 0:42, Josh Gorges (TBL) for Roughing (Minor) at 0:42, Mike Fisher (TOR) for Hooking (Minor) at 5:39, Brent Seabrook (TBL) for Roughing (Minor) at 5:39, Jay Harrison (TOR) for Roughing (Double Minor) at 12:21, Josh Gorges (TBL) for Hooking (Minor) at 17:09

2nd period

3. MapleLeafs , Hal Gill 1 (Mike Fisher, Evgeni Malkin) at 4:40 (PP)
4. Lightning , Paul Stastny 2 (Teddy Purcell, Jaroslav Spacek) at 16:37

Penalties :
Patrick Sharp (TBL) for Interference (Minor) at 2:44, Patrick Sharp (TBL) for Hooking (Minor) at 11:08, Mike Fisher (TOR) for Roughing (Minor) at 17:22

3rd period

No Goal

Penalties :
Jonathan Ericsson (TOR) for Tripping (Minor) at 6:43, Scott Hartnell (TBL) for Unsportsmanlike conduct (Major / Game Misconduct) at 7:51, Mike Fisher (TOR) for Holding (Minor) at 9:46, Josh Gorges (TBL) for Holding (Minor) at 18:54

Goalie Stats

Cory Schneider (TBL), 30 saves from 33 shots - (0.909), L, 2-2-0, 60:00 minutes
Ryan Miller (TOR), 30 saves from 31 shots - (0.968), W, 2-1-1, 60:00 minutes

Players Stats for Lightning

Player Name              G  A  P  +/- PIM S  H  SB GA TA FO     MP     PP MP  PK MP  
------------------------------------------------------------------------------------
Andrej Meszaros          0  0  0   0  0   0  6  1  0  0  0/0    25:29   3:18   3:28 
Andrew Brunette          0  0  0   0  0   0  0  0  0  0  0/0     4:48   0:00   0:00 
Brent Seabrook           0  0  0   0  2   3  3  1  0  0  0/0    25:59   3:18   3:38 
Eric Nystrom             0  0  0   0  0   0  1  0  0  0  0/0     8:01   0:00   0:00 
Jaroslav Spacek          0  1  1   1  0   2  1  1  0  0  0/0    14:32   3:48   1:02 
Josh Gorges              0  0  0  -1  6   0  0  2  0  0  0/0    19:14   0:00   2:55 
Marek Zidlicky           0  0  0   1  0   1  1  1  0  0  0/0    14:50   3:48   0:00 
Martin Havlat            0  0  0   0  0   1  3  0  0  0  1/3    18:18   2:21   0:00 
Martin St. Louis         0  0  0   0  0   4  0  0  0  0  0/0    21:28   4:45   0:00 
Mike Knuble              0  0  0   0  0   0  0  0  0  0  0/0     4:48   0:00   0:00 
Nick Spaling             0  0  0   0  0   1  0  0  0  0  0/4     8:36   0:00   3:48 
Patrick Kane             0  0  0   0  0   5  1  0  0  0  0/0    22:40   4:45   3:37 
Patrick Sharp            0  0  0   0  4   4  1  0  0  0  14/32  19:30   4:45   0:29 
Paul Stastny             1  0  1   0  0   3  0  0  0  0  11/31  19:40   2:21   3:20 
Scott Hartnell           0  0  0   0  15  2  2  0  0  0  0/2    12:19   2:20   0:00 
Teddy Purcell            0  1  1   0  0   2  0  0  0  0  0/0     8:01   0:00   0:00 
Tim Gleason              0  0  0  -1  0   1  2  1  0  0  0/0    19:52   0:00   3:47 
Tomas Plekanec           0  0  0   0  0   2  0  0  0  0  8/17   17:35   0:00   3:36 

Players Stats for MapleLeafs

Player Name              G  A  P  +/- PIM S  H  SB GA TA FO     MP     PP MP  PK MP  
------------------------------------------------------------------------------------
Adam Hall                0  0  0  -1  0   0  0  0  0  0  2/7    11:38   0:00   3:29 
Adam Henrique            0  0  0   0  2   2  0  0  0  0  1/2    20:08   4:55   3:12 
Chuck Kobasew            0  0  0   1  0   1  0  0  0  0  0/0     5:26   0:00   0:00 
Derek Dorsett            0  0  0  -1  0   1  2  0  0  0  7/10   10:24   0:00   0:00 
Drew Doughty             0  2  2   1  0   1  1  3  0  0  0/0    25:12   3:35   3:11 
Evgeni Malkin            0  1  1   0  0   6  0  1  0  0  1/1    24:27   2:30   3:54 
Greg Zanon               0  0  0  -1  0   1  1  1  0  0  0/0    14:37   0:18   3:32 
Hal Gill                 1  0  1   0  0   2  0  2  0  0  0/0    20:08   3:50   3:34 
Jay Harrison             0  0  0   0  4   1  1  0  0  0  0/0    20:05   3:50   0:00 
Jonathan Ericsson        0  0  0  -1  2   2  0  1  0  0  0/0    14:39   0:00   0:21 
Jordin Tootoo            0  0  0  -1  0   0  0  0  0  0  0/0     8:09   0:00   0:00 
Kris Versteeg            1  0  1   0  0   5  0  0  0  0  0/0    16:57   4:55   0:00 
Mike Fisher              0  1  1   0  6   5  1  0  0  0  22/30  19:54   2:29   2:18 
Patrick Marleau          0  0  0   0  0   2  0  0  0  0  2/3    17:52   2:30   1:19 
Philippe Dupuis          0  0  0   1  0   0  0  0  0  0  1/1     5:26   0:00   0:00 
Vernon Fiddler           1  0  1   1  0   3  0  0  0  0  6/10    7:45   0:00   0:00 
Victor Hedman            0  2  2   1  0   0  1  2  0  0  0/0    25:17   3:17   3:34 
Vincent Lecavalier       0  0  0   0  0   1  3  0  0  0  13/25  17:56   4:55   0:00 

3 Stars

1 - Ryan Miller (TOR)
2 - Drew Doughty (TOR)
3 - Victor Hedman (TOR)

Power Play

Lightning - 0 on 5 Attempt(s) - 0.00%
MapleLeafs - 2 on 5 Attempt(s) - 40.00%

Penalty Kill

Lightning - 3 on 5 Attempt(s) - 60.00% - Score 0 goal in Penalty Kill
MapleLeafs - 5 on 5 Attempt(s) - 100.00% - Score 0 goal in Penalty Kill

Official

Referees : Kelly Sutherland and Dennis LaRue
Linesman : Tony Sericolo and Dan Schachte

Game Notes

Scott Hartnell ejected from game at 7:51 of 3rd period

Finance

Level 1 -- Attendance: 6500 (100.00%) -- Ticket Income $533,000
Level 2 -- Attendance: 5000 (100.00%) -- Ticket Income $210,000
Level 3 -- Attendance: 3500 (100.00%) -- Ticket Income $101,500
Level 4 -- Attendance: 2819 (100.00%) -- Ticket Income $39,466
Luxury Box -- Attendance: 1000 (100.00%) -- Ticket Income $190,000
Game was played at the Air Canada Center
Total Attendance: 18819 (100.00%)
Total Ticket Income: $1,073,966
Other Income: $161,095
Total Income: $1,235,061


% Time on Ice - Lightning

Lines # - Real PCT - Wanted PCT - Time Play
Normal Forward
1 - 37% - 35% - 14:18
2 - 30% - 30% - 11:34
3 - 21% - 25% - 8:01
4 - 12% - 10% - 4:48
Normal Defense
1 - 37% - 40% - 14:20
2 - 34% - 30% - 13:02
3 - 25% - 20% - 9:42
4 - 4% - 10% - 1:37
PP Forward
1 - 67% - 60% - 4:45
2 - 33% - 40% - 2:21
PP Defense
1 - 46% - 60% - 3:18
2 - 54% - 40% - 3:48
PK Forward
1 - 49% - 50% - 3:37
2 - 51% - 50% - 3:48
PK Defense
1 - 49% - 60% - 3:38
2 - 51% - 40% - 3:47
PK3 Forward
1 - 0% - 50%
2 - 0% - 50%
PK3 Defense
1 - 0% - 60%
2 - 0% - 40%
44 Forward
1 - 64% - 60% - 4:23
2 - 36% - 40% - 2:25
44 Defense
1 - 64% - 60% - 4:23
2 - 36% - 40% - 2:25
Last Minute Offensive  - 0:00
Last Minute Defensive  - 0:00
Total
Forward - 60:00
Defense - 60:00

% Time on Ice - MapleLeafs

Lines # - Real PCT - Wanted PCT - Time Play
Normal Forward
1 - 34% - 32% - 13:04
2 - 31% - 30% - 12:02
3 - 21% - 22% - 8:09
4 - 14% - 16% - 5:26
Normal Defense
1 - 36% - 33% - 13:52
2 - 27% - 27% - 10:30
3 - 28% - 24% - 10:47
4 - 9% - 16% - 3:32
PP Forward
1 - 34% - 53% - 2:30
2 - 66% - 47% - 4:55
PP Defense
1 - 48% - 54% - 3:35
2 - 52% - 46% - 3:50
PK Forward
1 - 55% - 53% - 3:54
2 - 45% - 47% - 3:12
PK Defense
1 - 50% - 53% - 3:34
2 - 50% - 47% - 3:32
PK3 Forward
1 - 0% - 60%
2 - 0% - 40%
PK3 Defense
1 - 0% - 52%
2 - 0% - 48%
44 Forward
1 - 86% - 60% - 5:49
2 - 14% - 40% - 0:59
44 Defense
1 - 67% - 60% - 4:34
2 - 33% - 40% - 2:14
Last Minute Offensive  - 0:00
Last Minute Defensive  - 0:00
Total
Forward - 60:00
Defense - 60:00

Play by Play

1st period


0:01 of 1st period - Mike Fisher wins face-off versus Patrick Sharp in neutral zone.
0:14 of 1st period - Shot by Evgeni Malkin.
0:14 of 1st period - Stopped by Cory Schneider with a rebound.
0:16 of 1st period - Shot by Mike Fisher.
0:16 of 1st period - Stopped by Cory Schneider without a rebound.
0:17 of 1st period - Vincent Lecavalier wins face-off versus Tomas Plekanec in Lightning zone.
0:18 of 1st period - Shot by Kris Versteeg.
0:18 of 1st period - Shot Misses the Net.
0:20 of 1st period - Shot by Adam Henrique.
0:20 of 1st period - Shot Hit the Post.
0:42 of 1st period - Minor Penalty to Adam Henrique for Tripping.
0:42 of 1st period - Minor Penalty to Josh Gorges for Roughing.
0:43 of 1st period - Mike Fisher wins face-off versus Paul Stastny in Lightning zone.
0:55 of 1st period - Icing by Andrej Meszaros.
0:56 of 1st period - Vincent Lecavalier wins face-off versus Paul Stastny in Lightning zone.
0:56 of 1st period - Patrick Marleau is hit by Andrej Meszaros and loses puck.
1:20 of 1st period - Patrick Marleau is hit by Martin Havlat and loses puck.
1:36 of 1st period - Vincent Lecavalier is hit by Brent Seabrook and loses puck.
1:40 of 1st period - Icing by Brent Seabrook.
1:41 of 1st period - Mike Fisher wins face-off versus Paul Stastny in Lightning zone.
1:41 of 1st period - Mike Fisher is hit by Andrej Meszaros.
2:37 of 1st period - Shot by Tomas Plekanec.
2:37 of 1st period - Shot Misses the Net.
2:57 of 1st period - Shot by Greg Zanon.
2:57 of 1st period - Shot Misses the Net.
2:59 of 1st period - Shot by Greg Zanon.
2:59 of 1st period - Deflect By Derek Dorsett.
2:59 of 1st period - Stopped by Cory Schneider without a rebound.
3:00 of 1st period - Vernon Fiddler wins face-off versus Paul Stastny in Lightning zone.
3:28 of 1st period - Off-side.
3:29 of 1st period - Patrick Sharp wins face-off versus Vincent Lecavalier in neutral zone.
3:56 of 1st period - Adam Henrique is hit by Patrick Kane and loses puck.
4:41 of 1st period - Greg Zanon is hit by Andrej Meszaros and loses puck.
5:04 of 1st period - Shot by Martin Havlat.
5:04 of 1st period - Stopped by Ryan Miller with a rebound.
5:11 of 1st period - Icing by Adam Henrique.
5:12 of 1st period - Paul Stastny wins face-off versus Vincent Lecavalier in MapleLeafs zone.
5:21 of 1st period - Shot by Teddy Purcell.
5:21 of 1st period - Stopped by Ryan Miller without a rebound.
5:22 of 1st period - Patrick Sharp wins face-off versus Mike Fisher in MapleLeafs zone.
5:29 of 1st period - Shot by Patrick Sharp.
5:29 of 1st period - Stopped by Ryan Miller without a rebound.
5:30 of 1st period - Mike Fisher wins face-off versus Paul Stastny in MapleLeafs zone.
5:32 of 1st period - Icing by Victor Hedman.
5:33 of 1st period - Mike Fisher wins face-off versus Patrick Sharp in MapleLeafs zone.
5:39 of 1st period - Minor Penalty to Mike Fisher for Hooking.
5:39 of 1st period - Minor Penalty to Brent Seabrook for Roughing.
5:40 of 1st period - Paul Stastny wins face-off versus Derek Dorsett in Lightning zone.
6:13 of 1st period - Shot by Paul Stastny.
6:13 of 1st period - Shot Misses the Net.
6:15 of 1st period - Shot by Paul Stastny.
6:15 of 1st period - Shot Blocked by Evgeni Malkin.
6:17 of 1st period - Shot by Tim Gleason.
6:17 of 1st period - Stopped by Ryan Miller without a rebound.
6:18 of 1st period - Vernon Fiddler wins face-off versus Tomas Plekanec in MapleLeafs zone.
6:23 of 1st period - Shot by Hal Gill.
6:23 of 1st period - Shot Misses the Net.
7:15 of 1st period - Hal Gill is hit by Martin Havlat and loses puck.
8:58 of 1st period - Shot by Vincent Lecavalier.
8:58 of 1st period - Shot Misses the Net.
9:35 of 1st period - Off-side.
9:36 of 1st period - Mike Fisher wins face-off versus Tomas Plekanec in neutral zone.
9:54 of 1st period - Shot by Scott Hartnell.
9:54 of 1st period - Shot Misses the Net.
9:56 of 1st period - Shot by Martin Havlat.
9:56 of 1st period - Deflect By Scott Hartnell.
9:56 of 1st period - Shot Misses the Net.
9:58 of 1st period - Shot by Tomas Plekanec.
9:58 of 1st period - Stopped by Ryan Miller without a rebound.
9:59 of 1st period - Vernon Fiddler wins face-off versus Paul Stastny in MapleLeafs zone.
10:14 of 1st period - Shot by Vernon Fiddler.
10:14 of 1st period - Goal by Vernon Fiddler - Lightning : 0 - MapleLeafs : 1.
10:15 of 1st period - Tomas Plekanec wins face-off versus Derek Dorsett in neutral zone.
10:23 of 1st period - Tomas Plekanec is hit by Jay Harrison and loses puck.
10:34 of 1st period - Shot by Tomas Plekanec.
10:34 of 1st period - Stopped by Ryan Miller without a rebound.
10:35 of 1st period - Mike Fisher wins face-off versus Paul Stastny in MapleLeafs zone.
10:35 of 1st period - Mike Fisher is hit by Eric Nystrom.
10:46 of 1st period - Icing by Josh Gorges.
10:47 of 1st period - Derek Dorsett wins face-off versus Paul Stastny in Lightning zone.
11:16 of 1st period - Paul Stastny is hit by Victor Hedman and loses puck.
11:38 of 1st period - Icing by Derek Dorsett.
11:39 of 1st period - Derek Dorsett wins face-off versus Tomas Plekanec in MapleLeafs zone.
12:21 of 1st period - Double Minor Penalty to Jay Harrison for Roughing.
12:22 of 1st period - Patrick Sharp wins face-off versus Mike Fisher in MapleLeafs zone.
12:36 of 1st period - Shot by Patrick Sharp.
12:36 of 1st period - Deflect By Martin St. Louis.
12:36 of 1st period - Stopped by Ryan Miller with a rebound.
12:38 of 1st period - Shot by Jaroslav Spacek.
12:38 of 1st period - Stopped by Ryan Miller with a rebound.
12:40 of 1st period - Shot by Jaroslav Spacek.
12:40 of 1st period - Shot Misses the Net.
12:42 of 1st period - Shot by Patrick Kane.
12:42 of 1st period - Stopped by Ryan Miller without a rebound.
12:43 of 1st period - Patrick Marleau wins face-off versus Patrick Sharp in MapleLeafs zone.
12:43 of 1st period - Patrick Marleau is hit by Patrick Sharp.
13:07 of 1st period - Shot by Patrick Kane.
13:07 of 1st period - Deflect By Martin St. Louis.
13:07 of 1st period - Stopped by Ryan Miller without a rebound.
13:08 of 1st period - Mike Fisher wins face-off versus Scott Hartnell in MapleLeafs zone.
13:25 of 1st period - Shot by Martin Havlat.
13:25 of 1st period - Shot Misses the Net.
13:36 of 1st period - Icing by Jaroslav Spacek.
13:37 of 1st period - Adam Hall wins face-off versus Paul Stastny in Lightning zone.
14:01 of 1st period - Paul Stastny is hit by Greg Zanon and loses puck.
14:28 of 1st period - Shot by Brent Seabrook.
14:28 of 1st period - Shot Misses the Net.
14:30 of 1st period - Shot by Patrick Kane.
14:30 of 1st period - Stopped by Ryan Miller without a rebound.
14:31 of 1st period - Patrick Sharp wins face-off versus Mike Fisher in MapleLeafs zone.
14:44 of 1st period - Shot by Patrick Sharp.
14:44 of 1st period - Stopped by Ryan Miller with a rebound.
14:50 of 1st period - Shot by Patrick Sharp.
14:50 of 1st period - Shot Misses the Net.
14:52 of 1st period - Shot by Brent Seabrook.
14:52 of 1st period - Shot Blocked by Victor Hedman.
14:54 of 1st period - Shot by Patrick Kane.
14:54 of 1st period - Stopped by Ryan Miller without a rebound.
14:55 of 1st period - Mike Fisher wins face-off versus Paul Stastny in MapleLeafs zone.
15:14 of 1st period - Shot by Scott Hartnell.
15:14 of 1st period - Shot Blocked by Hal Gill.
15:18 of 1st period - Shot by Jaroslav Spacek.
15:18 of 1st period - Stopped by Ryan Miller without a rebound.
15:19 of 1st period - Adam Hall wins face-off versus Patrick Sharp in MapleLeafs zone.
15:29 of 1st period - Icing by Brent Seabrook.
15:30 of 1st period - Patrick Sharp wins face-off versus Adam Hall in Lightning zone.
15:48 of 1st period - Shot by Patrick Sharp.
15:48 of 1st period - Shot Misses the Net.
16:08 of 1st period - Shot by Patrick Sharp.
16:08 of 1st period - Shot Blocked by Hal Gill.
16:22 of 1st period - Shot by Patrick Sharp.
16:22 of 1st period - Stopped by Ryan Miller without a rebound.
16:23 of 1st period - Tomas Plekanec wins face-off versus Vernon Fiddler in MapleLeafs zone.
16:28 of 1st period - Shot by Scott Hartnell.
16:28 of 1st period - Stopped by Ryan Miller without a rebound.
16:29 of 1st period - Tomas Plekanec wins face-off versus Mike Fisher in MapleLeafs zone.
17:09 of 1st period - Minor Penalty to Josh Gorges for Hooking.
17:10 of 1st period - Paul Stastny wins face-off versus Vincent Lecavalier in Lightning zone.
17:25 of 1st period - Shot by Kris Versteeg.
17:25 of 1st period - Goal by Kris Versteeg - Lightning : 0 - MapleLeafs : 2.
17:26 of 1st period - Vernon Fiddler wins face-off versus Nick Spaling in neutral zone.
17:34 of 1st period - Shot by Drew Doughty.
17:34 of 1st period - Stopped by Cory Schneider without a rebound.
17:35 of 1st period - Mike Fisher wins face-off versus Patrick Sharp in Lightning zone.
18:04 of 1st period - Shot by Patrick Marleau.
18:04 of 1st period - Deflect By Evgeni Malkin.
18:04 of 1st period - Shot Misses the Net.
18:08 of 1st period - Shot by Patrick Marleau.
18:08 of 1st period - Deflect By Evgeni Malkin.
18:08 of 1st period - Shot Misses the Net.
18:12 of 1st period - Shot by Patrick Marleau.
18:12 of 1st period - Shot Misses the Net.
18:14 of 1st period - Shot by Hal Gill.
18:14 of 1st period - Stopped by Cory Schneider without a rebound.
18:15 of 1st period - Adam Henrique wins face-off versus Paul Stastny in Lightning zone.
18:49 of 1st period - Shot by Adam Henrique.
18:49 of 1st period - Shot Blocked by Josh Gorges.
18:58 of 1st period - Kris Versteeg is hit by Tim Gleason.

2nd period


0:01 of 2nd period - Mike Fisher wins face-off versus Patrick Sharp in neutral zone.
0:04 of 2nd period - Shot by Patrick Marleau.
0:04 of 2nd period - Shot Blocked by Brent Seabrook.
0:06 of 2nd period - Shot by Evgeni Malkin.
0:06 of 2nd period - Stopped by Cory Schneider with a rebound.
0:08 of 2nd period - Shot by Mike Fisher.
0:08 of 2nd period - Stopped by Cory Schneider without a rebound.
0:09 of 2nd period - Mike Fisher wins face-off versus Patrick Sharp in Lightning zone.
0:09 of 2nd period - Mike Fisher is hit by Andrej Meszaros.
0:29 of 2nd period - Shot by Patrick Kane.
0:29 of 2nd period - Shot Misses the Net.
0:42 of 2nd period - Shot by Patrick Sharp.
0:42 of 2nd period - Shot Misses the Net.
1:26 of 2nd period - Adam Henrique is hit by Jaroslav Spacek and loses puck.
1:31 of 2nd period - Shot by Adam Henrique.
1:31 of 2nd period - Shot Misses the Net.
2:44 of 2nd period - Minor Penalty to Patrick Sharp for Interference.
2:45 of 2nd period - Tomas Plekanec wins face-off versus Mike Fisher in Lightning zone.
3:12 of 2nd period - Shot by Jay Harrison.
3:12 of 2nd period - Stopped by Cory Schneider without a rebound.
3:13 of 2nd period - Vincent Lecavalier wins face-off versus Paul Stastny in Lightning zone.
4:32 of 2nd period - Shot by Patrick Marleau.
4:32 of 2nd period - Deflect By Mike Fisher.
4:32 of 2nd period - Shot Misses the Net.
4:38 of 2nd period - Shot by Mike Fisher.
4:38 of 2nd period - Shot Misses the Net.
4:40 of 2nd period - Shot by Hal Gill.
4:40 of 2nd period - Goal by Hal Gill - Lightning : 0 - MapleLeafs : 3.
4:41 of 2nd period - Derek Dorsett wins face-off versus Martin Havlat in neutral zone.
4:44 of 2nd period - Shot by Adam Hall.
4:44 of 2nd period - Shot Misses the Net.
5:07 of 2nd period - Tomas Plekanec is hit by Derek Dorsett and loses puck.
5:16 of 2nd period - Shot by Scott Hartnell.
5:16 of 2nd period - Shot Blocked by Jonathan Ericsson.
6:38 of 2nd period - Shot by Martin St. Louis.
6:38 of 2nd period - Stopped by Ryan Miller without a rebound.
6:39 of 2nd period - Paul Stastny wins face-off versus Vincent Lecavalier in MapleLeafs zone.
6:48 of 2nd period - Shot by Paul Stastny.
6:48 of 2nd period - Stopped by Ryan Miller with a rebound.
6:52 of 2nd period - Shot by Teddy Purcell.
6:52 of 2nd period - Stopped by Ryan Miller without a rebound.
6:53 of 2nd period - Vernon Fiddler wins face-off versus Patrick Sharp in MapleLeafs zone.
7:02 of 2nd period - Off-side.
7:03 of 2nd period - Patrick Sharp wins face-off versus Vincent Lecavalier in neutral zone.
7:39 of 2nd period - Icing by Hal Gill.
7:40 of 2nd period - Vincent Lecavalier wins face-off versus Tomas Plekanec in MapleLeafs zone.
8:05 of 2nd period - Shot by Patrick Marleau.
8:05 of 2nd period - Shot Misses the Net.
8:15 of 2nd period - Shot by Evgeni Malkin.
8:15 of 2nd period - Deflect By Mike Fisher.
8:15 of 2nd period - Stopped by Cory Schneider without a rebound.
8:16 of 2nd period - Philippe Dupuis wins face-off versus Patrick Sharp in Lightning zone.
9:06 of 2nd period - Icing by Jaroslav Spacek.
9:07 of 2nd period - Patrick Sharp wins face-off versus Mike Fisher in Lightning zone.
9:38 of 2nd period - Shot by Mike Fisher.
9:38 of 2nd period - Shot Misses the Net.
9:40 of 2nd period - Shot by Evgeni Malkin.
9:40 of 2nd period - Shot Misses the Net.
9:42 of 2nd period - Shot by Evgeni Malkin.
9:42 of 2nd period - Shot Misses the Net.
9:44 of 2nd period - Shot by Evgeni Malkin.
9:44 of 2nd period - Stopped by Cory Schneider without a rebound.
9:45 of 2nd period - Vincent Lecavalier wins face-off versus Paul Stastny in Lightning zone.
9:51 of 2nd period - Icing by Josh Gorges.
9:52 of 2nd period - Paul Stastny wins face-off versus Vincent Lecavalier in Lightning zone.
10:28 of 2nd period - Shot by Kris Versteeg.
10:28 of 2nd period - Shot Blocked by Josh Gorges.
10:30 of 2nd period - Shot by Jonathan Ericsson.
10:30 of 2nd period - Stopped by Cory Schneider without a rebound.
10:31 of 2nd period - Mike Fisher wins face-off versus Patrick Sharp in Lightning zone.
10:31 of 2nd period - Mike Fisher is hit by Brent Seabrook.
10:35 of 2nd period - Shot by Evgeni Malkin.
10:35 of 2nd period - Shot Misses the Net.
10:37 of 2nd period - Shot by Patrick Marleau.
10:37 of 2nd period - Shot Misses the Net.
11:07 of 2nd period - Shot by Patrick Kane.
11:07 of 2nd period - Shot Blocked by Drew Doughty.
11:08 of 2nd period - Minor Penalty to Patrick Sharp for Hooking.
11:09 of 2nd period - Vincent Lecavalier wins face-off versus Tomas Plekanec in Lightning zone.
11:09 of 2nd period - Vincent Lecavalier is hit by Tim Gleason.
11:17 of 2nd period - Shot by Vincent Lecavalier.
11:17 of 2nd period - Deflect By Kris Versteeg.
11:17 of 2nd period - Shot Misses the Net.
12:38 of 2nd period - Shot by Patrick Marleau.
12:38 of 2nd period - Stopped by Cory Schneider with a rebound.
13:45 of 2nd period - Shot by Adam Hall.
13:45 of 2nd period - Shot Blocked by Marek Zidlicky.
13:47 of 2nd period - Shot by Jonathan Ericsson.
13:47 of 2nd period - Stopped by Cory Schneider without a rebound.
13:48 of 2nd period - Vincent Lecavalier wins face-off versus Paul Stastny in Lightning zone.
13:49 of 2nd period - Shot by Kris Versteeg.
13:49 of 2nd period - Stopped by Cory Schneider without a rebound.
13:50 of 2nd period - Paul Stastny wins face-off versus Vincent Lecavalier in Lightning zone.
14:20 of 2nd period - Shot by Vincent Lecavalier.
14:20 of 2nd period - Stopped by Cory Schneider without a rebound.
14:21 of 2nd period - Mike Fisher wins face-off versus Patrick Sharp in Lightning zone.
14:26 of 2nd period - Shot by Patrick Marleau.
14:26 of 2nd period - Shot Misses the Net.
16:20 of 2nd period - Icing by Hal Gill.
16:21 of 2nd period - Vincent Lecavalier wins face-off versus Paul Stastny in MapleLeafs zone.
16:26 of 2nd period - Paul Stastny is hit by Vincent Lecavalier and loses puck.
16:37 of 2nd period - Shot by Paul Stastny.
16:37 of 2nd period - Goal by Paul Stastny - Lightning : 1 - MapleLeafs : 3.
16:38 of 2nd period - Derek Dorsett wins face-off versus Nick Spaling in neutral zone.
17:06 of 2nd period - Shot by Nick Spaling.
17:06 of 2nd period - Shot Misses the Net.
17:08 of 2nd period - Shot by Jaroslav Spacek.
17:08 of 2nd period - Shot Misses the Net.
17:10 of 2nd period - Shot by Nick Spaling.
17:10 of 2nd period - Shot Blocked by Greg Zanon.
17:12 of 2nd period - Shot by Mike Knuble.
17:12 of 2nd period - Deflect By Nick Spaling.
17:12 of 2nd period - Stopped by Ryan Miller without a rebound.
17:13 of 2nd period - Mike Fisher wins face-off versus Scott Hartnell in MapleLeafs zone.
17:13 of 2nd period - Mike Fisher is hit by Scott Hartnell.
17:22 of 2nd period - Minor Penalty to Mike Fisher for Roughing.
17:23 of 2nd period - Patrick Sharp wins face-off versus Adam Hall in MapleLeafs zone.
18:08 of 2nd period - Shot by Brent Seabrook.
18:08 of 2nd period - Shot Blocked by Victor Hedman.
18:27 of 2nd period - Icing by Paul Stastny.
18:28 of 2nd period - Paul Stastny wins face-off versus Adam Hall in Lightning zone.
18:49 of 2nd period - Shot by Marek Zidlicky.
18:49 of 2nd period - Stopped by Ryan Miller without a rebound.
18:50 of 2nd period - Patrick Sharp wins face-off versus Adam Hall in MapleLeafs zone.
18:59 of 2nd period - Shot by Brent Seabrook.
18:59 of 2nd period - Stopped by Ryan Miller with a rebound.
19:01 of 2nd period - Shot by Brent Seabrook.
19:01 of 2nd period - Stopped by Ryan Miller without a rebound.
19:02 of 2nd period - Paul Stastny wins face-off versus Patrick Marleau in MapleLeafs zone.
19:36 of 2nd period - Shot by Vernon Fiddler.
19:36 of 2nd period - Stopped by Cory Schneider with a rebound.
19:42 of 2nd period - Shot by Chuck Kobasew.
19:42 of 2nd period - Stopped by Cory Schneider without a rebound.
19:43 of 2nd period - Patrick Sharp wins face-off versus Mike Fisher in Lightning zone.
19:52 of 2nd period - Shot by Patrick Sharp.
19:52 of 2nd period - Stopped by Ryan Miller without a rebound.
19:53 of 2nd period - Patrick Sharp wins face-off versus Mike Fisher in MapleLeafs zone.

3rd period


0:01 of 3rd period - Mike Fisher wins face-off versus Patrick Sharp in neutral zone.
0:13 of 3rd period - Brent Seabrook is hit by Mike Fisher and loses puck.
0:26 of 3rd period - Shot by Mike Fisher.
0:26 of 3rd period - Shot Misses the Net.
0:28 of 3rd period - Shot by Mike Fisher.
0:28 of 3rd period - Stopped by Cory Schneider without a rebound.
0:29 of 3rd period - Vincent Lecavalier wins face-off versus Tomas Plekanec in Lightning zone.
0:32 of 3rd period - Shot by Victor Hedman.
0:32 of 3rd period - Shot Misses the Net.
0:56 of 3rd period - Shot by Adam Henrique.
0:56 of 3rd period - Stopped by Cory Schneider with a rebound.
0:58 of 3rd period - Shot by Adam Henrique.
0:58 of 3rd period - Stopped by Cory Schneider without a rebound.
0:59 of 3rd period - Mike Fisher wins face-off versus Patrick Sharp in Lightning zone.
1:17 of 3rd period - Patrick Marleau is hit by Andrej Meszaros and loses puck.
3:14 of 3rd period - Icing by Marek Zidlicky.
3:15 of 3rd period - Patrick Marleau wins face-off versus Paul Stastny in Lightning zone.
3:26 of 3rd period - Shot by Evgeni Malkin.
3:26 of 3rd period - Shot Misses the Net.
3:28 of 3rd period - Shot by Patrick Marleau.
3:28 of 3rd period - Stopped by Cory Schneider without a rebound.
3:29 of 3rd period - Vincent Lecavalier wins face-off versus Patrick Sharp in Lightning zone.
3:32 of 3rd period - Shot by Kris Versteeg.
3:32 of 3rd period - Stopped by Cory Schneider with a rebound.
3:34 of 3rd period - Shot by Greg Zanon.
3:34 of 3rd period - Stopped by Cory Schneider without a rebound.
3:35 of 3rd period - Mike Fisher wins face-off versus Patrick Sharp in Lightning zone.
3:35 of 3rd period - Mike Fisher is hit by Andrej Meszaros.
4:08 of 3rd period - Shot by Evgeni Malkin.
4:08 of 3rd period - Shot Blocked by Andrej Meszaros.
4:11 of 3rd period - Icing by Andrej Meszaros.
4:12 of 3rd period - Patrick Sharp wins face-off versus Vincent Lecavalier in Lightning zone.
4:27 of 3rd period - Icing by Martin St. Louis.
4:28 of 3rd period - Vernon Fiddler wins face-off versus Patrick Sharp in Lightning zone.
5:26 of 3rd period - Off-side.
5:27 of 3rd period - Martin Havlat wins face-off versus Vincent Lecavalier in neutral zone.
5:50 of 3rd period - Shot by Kris Versteeg.
5:50 of 3rd period - Stopped by Cory Schneider without a rebound.
5:51 of 3rd period - Evgeni Malkin wins face-off versus Nick Spaling in Lightning zone.
6:06 of 3rd period - Shot by Evgeni Malkin.
6:06 of 3rd period - Stopped by Cory Schneider without a rebound.
6:07 of 3rd period - Vincent Lecavalier wins face-off versus Paul Stastny in Lightning zone.
6:16 of 3rd period - Icing by Hal Gill.
6:17 of 3rd period - Tomas Plekanec wins face-off versus Adam Henrique in MapleLeafs zone.
6:24 of 3rd period - Shot by Scott Hartnell.
6:24 of 3rd period - Stopped by Ryan Miller without a rebound.
6:25 of 3rd period - Derek Dorsett wins face-off versus Tomas Plekanec in MapleLeafs zone.
6:25 of 3rd period - Adam Hall is hit by Scott Hartnell and loses puck.
6:43 of 3rd period - Minor Penalty to Jonathan Ericsson for Tripping.
6:44 of 3rd period - Patrick Sharp wins face-off versus Adam Hall in MapleLeafs zone.
6:47 of 3rd period - Shot by Patrick Kane.
6:47 of 3rd period - Shot Misses the Net.
7:01 of 3rd period - Shot by Patrick Sharp.
7:01 of 3rd period - Shot Misses the Net.
7:09 of 3rd period - Shot by Martin St. Louis.
7:09 of 3rd period - Stopped by Ryan Miller with a rebound.
7:51 of 3rd period - Major / Game Misconduct Penalty to Scott Hartnell for Unsportsmanlike conduct.
7:51 of 3rd period - Scott Hartnell is ejected from game.
7:52 of 3rd period - Mike Fisher wins face-off versus Martin Havlat in Lightning zone.
7:55 of 3rd period - Shot by Evgeni Malkin.
7:55 of 3rd period - Stopped by Cory Schneider without a rebound.
7:56 of 3rd period - Mike Fisher wins face-off versus Paul Stastny in Lightning zone.
8:31 of 3rd period - Shot by Paul Stastny.
8:31 of 3rd period - Stopped by Ryan Miller with a rebound.
9:04 of 3rd period - Shot by Kris Versteeg.
9:04 of 3rd period - Stopped by Cory Schneider without a rebound.
9:05 of 3rd period - Paul Stastny wins face-off versus Vincent Lecavalier in Lightning zone.
9:05 of 3rd period - Paul Stastny is hit by Vincent Lecavalier.
9:32 of 3rd period - Paul Stastny is hit by Vincent Lecavalier and loses puck.
9:46 of 3rd period - Minor Penalty to Mike Fisher for Holding.
9:47 of 3rd period - Derek Dorsett wins face-off versus Paul Stastny in MapleLeafs zone.
10:33 of 3rd period - Icing by Andrej Meszaros.
10:34 of 3rd period - Paul Stastny wins face-off versus Vernon Fiddler in Lightning zone.
10:53 of 3rd period - Shot by Evgeni Malkin.
10:53 of 3rd period - Shot Misses the Net.
10:55 of 3rd period - Shot by Evgeni Malkin.
10:55 of 3rd period - Stopped by Cory Schneider without a rebound.
10:56 of 3rd period - Tomas Plekanec wins face-off versus Derek Dorsett in Lightning zone.
10:56 of 3rd period - Josh Gorges is hit by Derek Dorsett and loses puck.
12:39 of 3rd period - Icing by Drew Doughty.
12:40 of 3rd period - Mike Fisher wins face-off versus Nick Spaling in MapleLeafs zone.
12:59 of 3rd period - Shot by Philippe Dupuis.
12:59 of 3rd period - Shot Misses the Net.
13:01 of 3rd period - Shot by Vernon Fiddler.
13:01 of 3rd period - Shot Misses the Net.
13:03 of 3rd period - Shot by Chuck Kobasew.
13:03 of 3rd period - Shot Blocked by Jaroslav Spacek.
13:05 of 3rd period - Shot by Vernon Fiddler.
13:05 of 3rd period - Stopped by Cory Schneider without a rebound.
13:06 of 3rd period - Mike Fisher wins face-off versus Patrick Sharp in Lightning zone.
13:17 of 3rd period - Shot by Patrick Kane.
13:17 of 3rd period - Stopped by Ryan Miller without a rebound.
13:18 of 3rd period - Paul Stastny wins face-off versus Vincent Lecavalier in MapleLeafs zone.
13:18 of 3rd period - Brent Seabrook is hit by Drew Doughty and loses puck.
13:31 of 3rd period - Shot by Paul Stastny.
13:31 of 3rd period - Shot Misses the Net.
13:36 of 3rd period - Icing by Victor Hedman.
13:37 of 3rd period - Vincent Lecavalier wins face-off versus Patrick Sharp in MapleLeafs zone.
14:01 of 3rd period - Kris Versteeg is hit by Marek Zidlicky and loses puck.
14:15 of 3rd period - Shot by Jaroslav Spacek.
14:15 of 3rd period - Shot Blocked by Drew Doughty.
14:17 of 3rd period - Shot by Martin St. Louis.
14:17 of 3rd period - Shot Blocked by Drew Doughty.
14:50 of 3rd period - Icing by Brent Seabrook.
14:51 of 3rd period - Derek Dorsett wins face-off versus Tomas Plekanec in Lightning zone.
14:59 of 3rd period - Derek Dorsett is hit by Brent Seabrook and loses puck.
16:56 of 3rd period - Off-side.
16:57 of 3rd period - Vincent Lecavalier wins face-off versus Paul Stastny in neutral zone.
17:13 of 3rd period - Shot by Teddy Purcell.
17:13 of 3rd period - Shot Misses the Net.
17:15 of 3rd period - Shot by Brent Seabrook.
17:15 of 3rd period - Stopped by Ryan Miller without a rebound.
17:16 of 3rd period - Tomas Plekanec wins face-off versus Vernon Fiddler in MapleLeafs zone.
17:29 of 3rd period - Philippe Dupuis is hit by Martin Havlat and loses puck.
17:51 of 3rd period - Icing by Victor Hedman.
17:52 of 3rd period - Patrick Sharp wins face-off versus Vernon Fiddler in MapleLeafs zone.
17:57 of 3rd period - Shot by Martin St. Louis.
17:57 of 3rd period - Shot Misses the Net.
18:51 of 3rd period - Shot by Mike Fisher.
18:51 of 3rd period - Stopped by Cory Schneider with a rebound.
18:53 of 3rd period - Shot by Evgeni Malkin.
18:53 of 3rd period - Shot Blocked by Tim Gleason.
18:54 of 3rd period - Minor Penalty to Josh Gorges for Holding.
18:55 of 3rd period - Tomas Plekanec wins face-off versus Vincent Lecavalier in Lightning zone.
19:22 of 3rd period - Shot by Patrick Kane.
19:22 of 3rd period - Stopped by Ryan Miller with a rebound.


Output by the SimonT Hockey Simulator (STHS) for Stephane Roy -- Original Page W3C XHTML 1.0 Valid
Hockey Simulator - Hockey Simulation - Hockey Manager